 Dungeon Crawl Stone Soup version 0.30-a0-937-ga0a21ad780 (webtiles) character file.

Game seed: 5510040833550638001

168 dolemite99 the Chopper (level 5, -1/45 HPs)
             Began as a Minotaur Fighter on Mar 24, 2023.
             Killed by divine providence
             ... invoked by an orc priest
              (10 damage)
             ... on level 3 of the Dungeon.
             The game lasted 00:01:49 (2350 turns).

dolemite99 the Chopper (Minotaur Fighter)           Turns: 2350, Time: 00:01:50

Health: -1/45      AC:  8    Str: 23    XL:     5   Next: 23%
Magic:  4/4        EV:  8    Int:  5    God:
Gold:   93         SH:  8    Dex:  9    Spells: 4/4 levels left

rFire   . . .      SeeInvis .    a - +0 war axe
rCold   . . .      Faith    .    o - +0 kite shield
rNeg    . . .      Spirit   .    b - +0 scale mail
rPois   .          Reflect  .    (helmet restricted)
rElec   .          Rampage  .    (no cloak)
rCorr   .                        (no gloves)
Will    .....                    k - +0 pair of boots Stlth
                                 (no amulet)
HPRegen 0.27/turn                (no ring)
MPRegen 0.09/turn                (no ring)

@: mighty
A: horns 2, retaliatory headbutt
a: no special abilities


You were on level 3 of the Dungeon.
You visited 1 branch of the dungeon, and saw 3 of its levels.

You collected 93 gold pieces.

Inventory:

Hand Weapons
 a - a +0 war axe (weapon)
Missiles
 n - a silver javelin (quivered)
Armour
 b - a +0 scale mail (worn)
 c - a +0 buckler
 k - a +0 pair of boots (worn)
 o - a +0 kite shield (worn)
Jewellery
 p - a ring of wizardry
Wands
 l - a wand of roots (8)
Scrolls
 e - 2 scrolls of noise {unknown}
 h - a scroll of magic mapping {unknown}
 j - a scroll of teleportation {unknown}
 m - a scroll of amnesia {unknown}
 q - 2 scrolls of identify {unknown}
Potions
 f - 2 potions of heal wounds {unknown}
 i - a potion of berserk rage {unknown}


   Skills:
 - Level 3.6 Fighting
 + Level 6.7 Axes
 - Level 3.6 Armour
 - Level 3.6 Shields


You had 4 spell levels left.
You didn't know any spells.
Your spell library contained the following spells:

 Spells                   Type           Power      Damage    Failure   Level
 Vhi's Electric Charge    Tloc/Air       0%         N/A       100%        3
 Arcjolt                  Conj/Air       0%         1d10      100%        5
 Maxwell's Capacitive Co  Air            0%         ∞         100%        8


Dungeon Overview and Level Annotations

Branches:
Dungeon (3/15)

Altars:
Trog


Innate Abilities, Weirdness & Mutations

You have a pair of horns on your head.
You reflexively headbutt those who attack you in melee.


Message History

You hit the ball python.
The orc priest hits you but does no damage.
You block the ball python's attack. The ball python constricts you.
The orc hits you from afar with a +0 trident.
* * * LOW HITPOINT WARNING * * *
You feel better. You block the ball python's attack.
The ball python constricts you.
The orc priest hits you with a +0 flail.
The orc hits you but does no damage.
You feel very mighty all of a sudden.
The ball python bites you but does no damage.
The ball python constricts you. The orc priest completely misses you.
The orc hits you from afar with a +0 trident.
* * * LOW HITPOINT WARNING * * *
You block the ball python's attack. The ball python constricts you.
You closely miss the orc priest.
The orc priest is heavily wounded.
You slash the ball python!
You kill the ball python!
The orc priest barely misses you. The orc barely misses you.
You block the giant cockroach's attack.
You closely miss the orc priest.
The orc priest is heavily wounded.
You slash the giant cockroach!
You kill the giant cockroach!
The orc priest invokes the aid of Beogh against you.
Pain shoots through your body!
* * * LOW HITPOINT WARNING * * *
The orc hits you but does no damage. You block the orc priest's attack.
The orc hits you but does no damage.
You closely miss the orc priest.
The orc priest is heavily wounded.
You block the orc priest's attack.
The orc hits you from afar with a +0 trident.
* * * LOW HITPOINT WARNING * * *
You hit the orc priest but do no damage.
The orc priest is heavily wounded.
The orc priest invokes the aid of Beogh against you.
Beogh smites you!
You die...

##..## #. #...########.
###.(........ #.#########
#.########. #......##.. .
##########)......# ...
#..............#.# ..(.#
#@...............#
....(.######o†............###
...(.o)BSo.o.............####
.....#######.................
... #........).......# .
#.............##..
#.........#######.
#.........# ## ##########


You could see an orc priest and an orc.

Vanquished Creatures
  Natasha (thrice) (D:2)
  Robin (D:2)
  A worm (D:3)
  A dart slug (D:1)
  2 orcs (D:3)
  8 ball pythons
  8 endoplasms
  3 giant cockroaches
  13 goblins
  7 hobgoblins
  3 jackals (D:1)
  6 kobolds
  A quokka (D:1)
  6 bats
  4 frilled lizards
  2 rats
69 creatures vanquished.

Notes
Turn   | Place    | Note
-------+----------+-------------------------------------------
     0 | D:1      | dolemite99 the Minotaur Fighter began the quest for the
                  | Orb.
     0 | D:1      | Reached XP level 1. HP: 19/19 MP: 0/0
   113 | D:1      | Reached skill level 3 in Axes
   161 | D:1      | Reached XP level 2. HP: 26/26 MP: 1/1
   286 | D:1      | Reached skill level 4 in Axes
   368 | D:1      | Reached XP level 3. HP: 31/31 MP: 2/2
  1277 | D:2      | Noticed Natasha
  1293 | D:2      | Killed Natasha
  1293 | D:2      | Noticed Natasha
  1294 | D:2      | Reached skill level 5 in Axes
  1294 | D:2      | Reached XP level 4. HP: 26/39 MP: 3/3
  1306 | D:2      | Killed Natasha
  1527 | D:2      | Found a bloodstained altar of Trog.
  1538 | D:2      | Noticed Robin
  1559 | D:2      | Killed Robin
  1560 | D:2      | Reached skill level 6 in Axes
  1700 | D:2      | Noticed Natasha
  1712 | D:2      | Killed Natasha
  1713 | D:2      | Reached XP level 5. HP: 33/45 MP: 4/4
  2350 | D:3      | Killed from afar by an orc priest

Illustrated notes

Levels and vault maps discovered:
D:1:      matt_arrival_refuge, layout_basic
D:2:      layout_basic, basic_altar, uniq_natasha, uniq_robin
D:3:      layout_rooms, lemuel_crystal_altar, uniq_sigmund

Skill      XL: |  1  2  3  4 |
---------------+-------------+-----
Axes           | 3 4 5 6 |  6.7
Fighting       | |  3.6
Armour         | |  3.6
Shields        | |  3.6

Action                     |  1- 3 |  4- 6 || total
---------------------------+-------+-------++-------
  Melee: War axe           |    82 |    43 ||   125
         Headbutt          |    11 |     5 ||    16
  Throw: Javelin           |       |    10 ||    10
         Dart              |       |     7 ||     7
    Use: Potion            |       |     2 ||     2
 Armour: Scale mail        |    47 |    25 ||    72
  Dodge: Dodged            |    40 |    14 ||    54
  Block: Buckler           |    24 |     9 ||    33
         Kite shield       |       |    11 ||    11

Table legend: (Time is in decaauts)
 A = Elapsed time spent in this place.
 B = Non-inter-level travel time spent in this place.
 C = Inter-level travel time spent in this place.
 D = Time resting spent in this place.
 E = Time spent auto-exploring this place.
 F = Levels seen in this place.
 G = Mean time per level.
                   A        B        C        D        E       F      G
               +--------+--------+--------+--------+--------+-----+--------+
         Total |   2395 |   2272 |    123 |    330 |   1457 |   3 |  798.3 |
       Dungeon |   2395 |   2272 |    123 |    330 |   1457 |   3 |  798.3 |
               +--------+--------+--------+--------+--------+-----+--------+

Top non-repeatable levels by time:
     D:2: 1293 daAuts
     D:1: 932 daAuts
     D:3: 169 daAuts
